General information
- name: BNet
- type: Ladder 1vs1/FFA
- host: Battle.net
- saver: YoungGranny
map: TirisfalGlades
- players: 2
- length: 06:13
- speed: Fast
- version: 1.26 W3XP
- replay type: Public
» download(17 KB)
Players
team 1 (loser)
buzz_killington (
pink | 43 APM | 267 actions | 06:11)
1 Far Seer
1 Feral Spirit
» actions
| Assign group hotkey | 7 | |
| Basic commands | 21 | |
| Build / train | 20 | |
| Enter build submenu | 6 | |
| Enter hero's abilities submenu | 1 | |
| Give item / drop item | 1 | |
| Right click | 102 | |
| Select / deselect | 51 | |
| Select group hotkey | 47 | |
| Use ability | 11 | |
267 total
» units
» buildings
| Altar of Storms | 1 | |
| Orc Burrow | 3 | |
| Barracks | 1 | |
| Voodoo Lounge | 1 | |
| Stronghold | 1 | |
7 total
» build order
00:08 Altar of Storms
00:19 Orc Burrow
00:35 Barracks
01:28 Orc Burrow
01:53 Voodoo Lounge
02:58 Stronghold
03:36 Orc Burrow
» items
team 2 (winner)
YoungGranny (
red | 72 APM | 447 actions | 06:13)
2 Goblin Tinker
1 Pocket Factory
1 Engineering Upgrade
» actions
| Assign group hotkey | 16 | |
| Basic commands | 11 | |
| Build / train | 35 | |
| Enter build submenu | 14 | |
| Enter hero's abilities submenu | 2 | |
| Right click | 168 | |
| Select / deselect | 102 | |
| Select group hotkey | 81 | |
| Use ability | 18 | |
447 total
» units
» upgrades
» buildings
| Barracks | 1 | |
| Farm | 4 | |
| Altar of Kings | 1 | |
| Lumber Mill | 1 | |
| Scout Tower | 4 | |
| Arcane Tower | 3 | |
| Town Hall | 1 | |
| Guard Tower | 1 | |
| Keep | 1 | |
17 total
» build order
00:14 Barracks
00:30 Farm
00:48 Farm
01:04 Altar of Kings
01:22 Farm
02:50 Farm
03:18 Lumber Mill
03:27 Scout Tower
03:39 Arcane Tower
03:40 Arcane Tower
03:51 Scout Tower
04:00 Town Hall
04:13 Scout Tower
04:18 Arcane Tower
05:40 Guard Tower
05:51 Keep
06:11 Scout Tower
Chat log
(05:22 / All) buzz_killington: fuckin laaaggg
(05:38 / All) buzz_killington: wtf
(05:40 / All) buzz_killington: laaaaag
(05:42 / All) YoungGranny: right
(05:48 / All) YoungGranny: now rq cuz expo is up
(05:56 / All) buzz_killington: dude
(05:57 / All) buzz_killington: can
(05:59 / All) YoungGranny: bye
(06:02 / All) buzz_killington: cant control
(06:07 / All) buzz_killington: la
(06:08 / All) buzz_killington: g